 Dungeon Crawl Stone Soup version 0.30.1-11-g7821555f0a (webtiles) character file.

Game seed: 6674098212848304618

27073 ChodeyFoster420 the Severer (level 13, -19/86 HPs)
             Began as a Demonspawn Berserker on Dec 26, 2023.
             Was an Elder of Trog.
             Demolished by a tengu warrior
             ... wielding the +11 whip "Jycin" {heavy, *Rage Will+ SInv}
              (23 damage)
             ... on level 12 of the Dungeon on Dec 27, 2023.
             The game lasted 00:47:18 (10640 turns).

ChodeyFoster420 the Severer (Demonspawn Berserker) Turns: 10640, Time: 00:47:18

Health: -19/86     AC: 16    Str: 22    XL:     13   Next: 2%
Magic:  13/13      EV:  8    Int:  9    God:    Trog [****..]
Gold:   528        SH:  0    Dex: 13    Spells: 12/12 levels left

rFire   + . .        E - +0 battleaxe (flame)
rCold   + . .        (shield currently unavailable)
rNeg    . . .        k - +0 chain mail
rPois   .            (helmet restricted)
rElec   .            i - scarf {rC+ rF+}
rCorr   .            (no gloves)
SInv    .            u - +1 pair of boots
Will    .....        h - amulet of regeneration Stlth
                     b - +4 ring of slaying
HPRegen 1.14/turn    (no ring)
MPRegen 0.13/turn

%: no passive effects
@: mighty, sanguine armoured, on berserk cooldown, slowed, very slow
A: horns 1, demonic guardian 2, powered by death 1, sanguine armour 1
a: Renounce Religion, Berserk, Trog's Hand, Brothers in Arms


You were on level 12 of the Dungeon.
You worshipped Trog.
Trog was greatly pleased with you.
You visited 2 branches of the dungeon, and saw 13 of its levels.

You collected 618 gold pieces.
You spent 90 gold pieces at shops.

Inventory:

Hand Weapons
 n - a +2 war axe of electrocution
 E - a +0 battleaxe of flaming (weapon)
Missiles
 t - 13 boomerangs (quivered)
 y - 3 silver boomerangs
Armour
 i - a scarf of resistance (worn)
 k - a +0 chain mail (worn)
 u - a +1 pair of boots (worn)
 w - +0 steam dragon scales
 D - a +0 buckler
Jewellery
 b - a +4 ring of slaying (left hand)
 h - an amulet of regeneration (around neck)
 p - an amulet of guardian spirit
Wands
 a - a wand of flame (12)
 c - a wand of paralysis (24)
 s - a wand of roots (6)
 v - a wand of polymorph (2)
 x - a wand of digging (5)
Scrolls
 j - 2 scrolls of fog
 r - a scroll of fear
Potions
 e - 2 potions of haste
 f - a potion of cancellation
 l - a potion of might
 m - 8 potions of curing
 o - a potion of resistance
 z - a potion of magic
 B - a potion of invisibility {unknown}


   Skills:
 - Level 3.0 Fighting
 + Level 19.9 Axes
 - Level 1.7 Armour
 - Level 1.7 Dodging


You had 12 spell levels left.
You didn't know any spells.
Your spell library was empty.

Dungeon Overview and Level Annotations

Branches:
Dungeon (12/15)            Temple (1/1) D:4            Lair (0/5) D:8
    Orc (0/2) D:9

Altars:
Ashenzari
Cheibriados
Dithmenos
Fedhas
Gozag
Hepliaklqana
Kikubaaqudgha
Makhleb
Nemelex Xobeh
Okawaru
Qazlal
Ru
Sif Muna
Trog
Uskayaw
Vehumet
Wu Jian
Xom
Yredelemnul

Shops:
D:1 *   D:9 *

Annotations:
D:9 3 runed translucent doors, cowcol's ghost, novice MiFi


Innate Abilities, Weirdness & Mutations

You have a pair of small horns on your head.
A demonic guardian rushes to your aid.
You regenerate a little health from kills.
When seriously injured, your blood forms armour. (AC +6)


Message History

Your orange demon barely misses the tengu warrior.
You hit the tengu warrior but do no damage.
The tengu warrior is lightly wounded.
The tengu warrior closely misses you.
The tengu warrior pecks you but does no damage.
The tengu warrior claws you but does no damage.
Your orange demon stings the tengu warrior from afar.
The tengu warrior is poisoned.
Your orange demon poisons the tengu warrior!
You closely miss the tengu warrior.
The tengu warrior is lightly wounded.
The tengu warrior barely misses you.
The tengu warrior pecks you but does no damage.
The tengu warrior claws you.
Your orange demon barely misses the tengu warrior.
You slice the tengu warrior!! You burn the tengu warrior.
The tengu warrior is heavily wounded.
The tengu warrior hits you with the +11 whip "Jycin" {heavy, *Rage Will+ SInv}.
The tengu warrior pecks you but does no damage.
The tengu warrior claws you but does no damage.
Your orange demon misses the tengu warrior.
You hit the tengu warrior. You burn the tengu warrior.
You headbutt the tengu warrior, but do no damage.
The tengu warrior is heavily wounded.
The tengu warrior hits you with the +11 whip "Jycin" {heavy, *Rage Will+ SInv}!!
* * * LOW HITPOINT WARNING * * *
The tengu warrior pecks you.
* * * LOW HITPOINT WARNING * * *
The tengu warrior claws you.
* * * LOW HITPOINT WARNING * * *
Your orange demon barely misses the tengu warrior.
You feel very mighty all of a sudden.
The tengu warrior hits you with the +11 whip "Jycin" {heavy, *Rage Will+ SInv}.
* * * LOW HITPOINT WARNING * * *
The tengu warrior pecks you but does no damage.
The tengu warrior claws you.
* * * LOW HITPOINT WARNING * * *
Your orange demon misses the tengu warrior.
The tengu warrior hits you with the +11 whip "Jycin" {heavy, *Rage Will+ SInv}!!
You die...

#!##.#..#....^...#
#.##.............#
#.##....##.......#
#.##.##.##.......#
#.##.##.##.......#
#.......#####.####
####.########.#
#.##.....4.##
#........@...# .#
.#...###Q###..# ..
#.. #.... #...# #.
#..##.... #.## #
##### #.##p.#..
##########.#


.hhh# #.#..##.. ##.))5...@# ###.####.#.###?# #.########## ###°##<.......#
#.....#.......).# .......#.#c§..=#.###.###########. You could see a tengu
warrior (berserk, very poisoned, ally target), a neutral human (wandering) and a
friendly orange demon (summoned).

Vanquished Creatures
  Jorgrun (D:12)
  Kirke (D:12)
  Azrael (D:12)
  Josephine (D:11)
  2 ogre magi
  7 two-headed ogres
  2 deep elf pyromancers (D:12)
  Pikel (D:4)
  2 manticores
  9 centaur zombies (D:11)
  2 cyclopes (D:11)
  Maggie (D:6)
  A gargoyle (D:12)
  A komodo dragon (D:12)
  2 unseen horrors
  3 trolls
  A meliai zombie (D:11)
  A shadow (D:11)
  5 wraiths
  14 yaks
  A fire elemental (D:12)
  A wyvern (D:10)
  A basilisk (D:12)
  A vampire (D:11)
  4 humans (D:10)
  2 vampire mosquitoes (D:12)
  Edmund (D:5)
  Menkaure (D:5)
  3 water moccasins
  3 sky beasts
  An ice beast (D:7)
  4 orc warriors
  A black bear (D:7)
  2 ogres (D:11)
  6 centaurs
  A lemure (D:4)
  A phantom (D:7)
  4 bullfrogs
  Blork the orc (D:5)
  3 scorpions
  11 wights
  14 killer bees
  2 howler monkeys
  2 hounds
  8 orc priests
  3 jellies (D:6)
  Crazy Yiuf (D:4)
  Ijyb (D:3)
  Natasha (thrice) (D:2)
  3 iguanas
  9 orc wizards
  3 gnolls (D:2)
  6 adders
  3 white imps
  2 ufetubi (D:7)
  A worm (D:5)
  3 dart slugs
  56 orcs
  4 ball pythons
  3 endoplasms (D:2)
  A giant cockroach (D:1)
  5 goblins
  3 hobgoblins
  10 jackals
  4 quokkas
  2 bats (D:2)
  A frilled lizard (D:1)
  7 kobolds
  A rat (D:3)
272 creatures vanquished.

Vanquished Creatures (collateral kills)
  A two-headed ogre (D:8)
  A centaur zombie (D:11)
  A komodo dragon (D:10)
  An orc (D:6)
  A kobold (D:1)
5 creatures vanquished.

Vanquished Creatures (others)
  2 humans (D:12)
2 creatures vanquished.

Grand Total: 279 creatures vanquished

Notes
Turn   | Place    | Note
-------+----------+-------------------------------------------
     0 | D:1      | ChodeyFoster420 the Demonspawn Berserker began the quest
                  | for the Orb.
     0 | D:1      | Reached XP level 1. HP: 18/18 MP: 1/1
    40 | D:1      | Reached skill level 3 in Axes
   152 | D:1      | Found Tirramm's Assorted Antiques.
   220 | D:1      | Gained mutation: A weak demonic guardian rushes to your
                  | aid. [demonic ancestry]
   220 | D:1      | Reached XP level 2. HP: 24/24 MP: 2/2
   918 | D:2      | Noticed Natasha
   925 | D:2      | Killed Natasha
   926 | D:2      | Reached skill level 4 in Axes
   926 | D:2      | Reached XP level 3. HP: 18/29 MP: 3/3
  1152 | D:2      | Found a faded altar of an unknown god.
  1169 | D:2      | Noticed Natasha
  1175 | D:2      | Killed Natasha
  1176 | D:2      | Reached XP level 4. HP: 35/35 MP: 4/4
  1319 | D:2      | Noticed Natasha
  1329 | D:2      | Killed Natasha
  1330 | D:2      | Reached skill level 5 in Axes
  1633 | D:2      | Reached XP level 5. HP: 41/41 MP: 5/5
  1914 | D:3      | Noticed Ijyb
  1919 | D:3      | Paralysed by Ijyb for 2 turns
  1923 | D:3      | Paralysed by Ijyb for 5 turns
  1936 | D:3      | Reached ** piety under Trog
  1937 | D:3      | Paralysed by Ijyb for 3 turns
  1941 | D:3      | Killed Ijyb
  1942 | D:3      | Reached skill level 6 in Axes
  1949 | D:3      | HP: 2/41 [poisoned by an orc]
  2540 | D:4      | Noticed a lemure
  2541 | D:4      | Noticed a lemure
  2541 | D:4      | Noticed Pikel
  2546 | D:4      | Noticed a lemure
  2547 | D:4      | Killed a lemure
  2550 | D:4      | Killed Pikel
  2551 | D:4      | Reached skill level 7 in Axes
  2551 | D:4      | Gained mutation: When seriously injured, your blood forms
                  | armour. (AC +6) [demonic ancestry]
  2551 | D:4      | Reached XP level 6. HP: 29/47 MP: 6/6
  2551 | D:4      | Gained mutation: You have a pair of small horns on your
                  | head. [demonic ancestry]
  2551 | D:4      | Reached XP level 7. HP: 32/52 MP: 7/7
  2665 | D:4      | Reached skill level 8 in Axes
  2677 | D:4      | Found a runed translucent door.
  2678 | D:4      | Noticed Crazy Yiuf
  2750 | D:4      | Killed Crazy Yiuf
  2916 | D:4      | Found a faded altar of an unknown god.
  2916 | D:4      | Found a hazy altar of Hepliaklqana.
  2918 | D:4      | Found a faded altar of an unknown god.
  2966 | D:4      | Found a staircase to the Ecumenical Temple.
  3267 | Temple   | Entered the Ecumenical Temple
  3707 | D:5      | Entered Level 5 of the Dungeon
  3870 | D:5      | Noticed Edmund
  3888 | D:5      | Killed Edmund
  3889 | D:5      | Reached skill level 9 in Axes
  3889 | D:5      | Reached XP level 8. HP: 38/58 MP: 8/8
  4053 | D:5      | Noticed Blork the orc
  4058 | D:5      | Killed Blork the orc
  4063 | D:5      | Found Zin's Purification Station.
  4072 | D:5      | Bought a potion of curing for 90 gold pieces
  4438 | D:5      | Noticed Menkaure
  4443 | D:5      | Killed Menkaure
  4607 | D:6      | Reached skill level 10 in Axes
  4741 | D:6      | Noticed Maggie
  4817 | D:6      | Killed Maggie
  5087 | D:6      | Reached skill level 11 in Axes
  5106 | D:6      | Reached XP level 9. HP: 63/63 MP: 9/9
  5703 | D:7      | Reached skill level 12 in Axes
  5903 | D:7      | Reached *** piety under Trog
  6078 | D:8      | Reached skill level 13 in Axes
  6163 | D:8      | Found a staircase to the Lair.
  6358 | D:8      | You fall into a shaft and drop 2 floors!
  6358 | D:10     | Entered Level 10 of the Dungeon
  6366 | D:10     | Reached XP level 10. HP: 70/70 MP: 10/10
  6488 | D:10     | Noticed a two-headed ogre
  6649 | D:9      | Reached skill level 14 in Axes
  6895 | D:8      | Reached **** piety under Trog
  6942 | D:8      | Noticed a two-headed ogre
  6949 | D:8      | Killed a two-headed ogre
  6950 | D:8      | Reached skill level 15 in Axes
  7565 | D:9      | Found a runed translucent gate.
  7565 | D:9      | Found a runed translucent gate.
  7566 | D:9      | Found an opulent altar of Gozag.
  7566 | D:9      | Found a runed translucent gate.
  7566 | D:9      | Noticed a brown ugly thing
  7566 | D:9      | Noticed a two-headed ogre
  7567 | D:9      | Noticed a tengu warrior
  7568 | D:9      | Found Wuneun Afur's Assorted Antiques.
  7568 | D:9      | Noticed cowcol's ghost (novice MiFi)
  7732 | D:9      | Gained mutation: You regenerate a little health from kills.
                  | [demonic ancestry]
  7732 | D:9      | Reached XP level 11. HP: 48/75 MP: 11/11
  7914 | D:9      | Found a staircase to the Orcish Mines.
  7988 | D:9      | Found a shimmering blue altar of Sif Muna.
  8260 | D:10     | HP: 2/75 [human/sling bullet (4)]
  8584 | D:10     | Killed a two-headed ogre
  8585 | D:10     | Reached skill level 16 in Axes
  9207 | D:11     | Noticed Josephine
  9208 | D:11     | Noticed a two-headed ogre
  9214 | D:11     | Noticed an ogre mage
  9219 | D:11     | Noticed a two-headed ogre
  9219 | D:11     | Noticed a two-headed ogre
  9224 | D:11     | Killed Josephine
  9225 | D:11     | Noticed a two-headed ogre
  9293 | D:11     | Reached skill level 17 in Axes
  9329 | D:11     | Found a basalt altar of Yredelemnul.
  9476 | D:11     | Reached XP level 12. HP: 50/81 MP: 12/12
  9763 | D:11     | Killed a two-headed ogre
  9764 | D:11     | Reached skill level 18 in Axes
  9833 | D:11     | Killed a two-headed ogre
  9925 | D:11     | Killed a two-headed ogre
  9976 | D:11     | Killed a two-headed ogre
  9985 | D:11     | Paralysed by something for 3 turns
  9990 | D:11     | Killed an ogre mage
 10128 | D:12     | Noticed a centaur warrior
 10133 | D:12     | Noticed Kirke
 10134 | D:12     | Noticed a boulder beetle
 10135 | D:12     | Noticed a seven-headed hydra
 10183 | D:12     | Noticed Jorgrun
 10190 | D:12     | Killed Jorgrun
 10222 | D:12     | Noticed a two-headed ogre
 10231 | D:12     | Killed a two-headed ogre
 10232 | D:12     | Reached skill level 19 in Axes
 10416 | D:12     | Noticed an ogre mage
 10420 | D:12     | Killed an ogre mage
 10434 | D:12     | Noticed a two-headed ogre
 10441 | D:12     | Killed a two-headed ogre
 10449 | D:12     | Identified the +7 great sword of the Tiger {holy, Will+
                  | Str+4 Int+2 Dex-5}
 10515 | D:12     | Noticed Azrael
 10534 | D:12     | Killed Azrael
 10630 | D:12     | Killed Kirke
 10631 | D:12     | Gained mutation: A demonic guardian rushes to your aid.
                  | [demonic ancestry]
 10631 | D:12     | Reached XP level 13. HP: 86/86 MP: 13/13
 10633 | D:12     | Identified the +11 whip "Jycin" {heavy, *Rage Will+ SInv}
 10640 | D:12     | HP: 4/86 [tengu warrior/the +11 whip "Jycin" {heavy, *Rage
                  | Will+ SInv} (4)]
 10640 | D:12     | Demolished by a tengu warrior

Illustrated notes

Levels and vault maps discovered:
D:1:      lightli_iron_boxes, layout_basic, serial_shops,
          nicolae_shop_real_fake_doors
D:2:      layout_basic, shapermc_ecumenical_altar_totnotflames, uniq_natasha
D:3:      layout_rooms, minivault_14, minmay_strange_pillars,
          nicolae_eternal_life, uniq_ijyb
D:4:      nicolae_BIG_FREAKIN_CUBE, layout_loops_ring,
          nicolae_hepliaklqana_ecumenical_no_more, minmay_temple_entry_grid,
          grunt_ministairs_10, uniq_pikel, uniq_crazy_yiuf_cottage
D:5:      layout_loops_ring, zin_purify, uniq_menkaure, uniq_blork_the_orc,
          uniq_edmund
D:6:      layout_basic, uniq_maggie
D:7:      layout_basic
D:8:      layout_loops_ring, lair_entry_dummy, serial_aquarium,
          aquarium_bridge_straight [aquarium_subvault_bridge,
          aquarium_subvault_window, aquarium_subvault_bridge,
          aquarium_subvault_window], aquarium_bridge_long_separate
          [aquarium_subvault_bridge, aquarium_subvault_wall,
          aquarium_subvault_wall, aquarium_subvault_window,
          aquarium_subvault_bridge, aquarium_subvault_bridge],
          aquarium_window_corridor_1, aquarium_window_fake,
          aquarium_window_double, aquarium_view_2c, aquarium_view_2d,
          aquarium_pool_1
D:9:      layout_long_grid, lemuel_blue_sif_altar, hiddenorc1_lemuel,
          ebering_ghost_gozag, nicolae_concentric_dashed_squares_mild
D:10:     layout_stronghold, minmay_ruffians
D:11:     layout_basic, nicolae_twisting_strands,
          nicolae_yredelemnul_corpse_copse, uniq_josephine
D:12:     minmay_the_grid_octo_2x2 [minmay_the_grid_octo_thin_diamonds,
          minmay_the_grid_octo_toaster, minmay_the_grid_octo_pinwheel,
          minmay_the_grid_octo_prize_ultimate_mussel_roller],
          layout_loops_cross, uniq_kirke, uniq_azrael, uniq_jorgrun
Temple:   compressed_dpeg_triangle_lava_temple

Skill      XL: |  1  2  3  4  5  6  7  8  9 10 11 12 |
---------------+-------------------------------------+-----
Axes           | 3 4 5 7 9 11 13 15 17 19 | 19.9
Fighting       | |  3.0
Armour         | |  1.7
Dodging        | |  1.7

Action                     |  1- 3 |  4- 6 |  7- 9 | 10-12 | 13-15 || total
---------------------------+-------+-------+-------+-------+-------++-------
  Melee: Hand axe          |    56 |    47 |       |       |       ||   103
         War axe           |       |    44 |   239 |    45 |       ||   328
         Punch             |       |     1 |     2 |     1 |       ||     4
         Headbutt          |       |       |    37 |    90 |     2 ||   129
         Unarmed           |       |       |     6 |     4 |       ||    10
         Battleaxe         |       |       |       |   318 |     6 ||   324
  Throw: Boomerang         |       |       |     3 |       |       ||     3
 Invoke: Berserk           |     1 |     2 |     5 |    16 |       ||    24
         Trog's Hand       |       |       |     1 |     2 |       ||     3
         Brothers in Arms  |       |       |       |     3 |       ||     3
    Use: Scroll            |     3 |     2 |     5 |    13 |       ||    23
         Potion            |       |     8 |       |    10 |     1 ||    19
   Stab: Distracted        |       |       |     1 |     1 |       ||     2
 Armour: Animal skin       |     8 |       |       |       |       ||     8
         Chain mail        |    15 |    56 |    95 |   244 |     9 ||   419
  Dodge: Dodged            |    37 |    49 |    93 |   167 |     3 ||   349
